 Dungeon Crawl Stone Soup version 0.28-a0-1152-g9c71ebef14 (webtiles) character file.

Game seed: 11477628067215483311

38 emperorscorpion the Skirmisher (level 3, -1/20 HPs)
             Began as a Vine Stalker Fighter on Dec 14, 2021.
             Slain by Ijyb (6 damage)
             ... on level 3 of the Dungeon.
             The game lasted 00:02:14 (1542 turns).

emperorscorpion the Skirmisher (VSFi)               Turns: 1542, Time: 00:02:14

Health: -1/20      AC:  7    Str: 18    XL:     3   Next: 43%
Magic:  0/4        EV:  9    Int:  8    God:
Gold:   27         SH:  5    Dex: 15    Spells: 2/2 levels left

rFire   . . .      SeeInvis .     - Unarmed
rCold   . . .      Faith    .   b - +0 buckler
rNeg    . . .      Spirit   +   a - +0 scale mail
rPois   .          Reflect  .   (no helmet)
rElec   .          Harm     .   (no cloak)
rCorr   .          Rampage  .   (no gloves)
Will    .....                   k - +0 pair of boots
Stlth   ..........              (no amulet)
HPRegen 0.06/turn               (no ring)
MPRegen 0.09/turn               (no ring)

@: no status effects
A: fangs 2, magic shield, antimagic bite, no potion heal 2
a: no special abilities


You were on level 3 of the Dungeon.
You visited 1 branch of the dungeon, and saw 3 of its levels.

You collected 53 gold pieces.
You spent 26 gold pieces at shops.

Inventory:

Missiles
 l - 17 poisoned darts (quivered)
Armour
 a - a +0 scale mail (worn)
 b - a +0 buckler (worn)
 k - a +0 pair of boots (worn)
Scrolls
 e - a scroll of noise
 g - a scroll of fear {unknown}
 h - a scroll of enchant weapon {unknown}
 i - a scroll of magic mapping {unknown}
 m - a scroll of teleportation {unknown}
Potions
 c - 2 potions of might
 d - a potion of haste {unknown}
 f - 3 potions of flight {unknown}
 j - 2 potions of curing {unknown}


   Skills:
 + Level 3.0 Fighting
 + Level 2.8 Armour
 + Level 0.4 Stealth
 + Level 3.0 Shields
 + Level 2.3 Unarmed Combat


You had 2 spell levels left.
You didn't know any spells.
Your spell library was empty.

Dungeon Overview and Level Annotations

Branches:
Dungeon (3/15)

Altars:

Shops:
D:1 (   D:3 *

Annotations:
D:2 Sigmund
D:3 Ijyb


Innate Abilities, Weirdness & Mutations

You have extremely sharp teeth.
When hurt, damage is shared between your health and your magic reserves.
Your bite disrupts and absorbs the magic of your enemies.
Potions cannot restore your health.


Message History

You can move again.
Unknown command.
You see here a +0 short sword of venom.
You hit Ijyb. You bite Ijyb. You drain her power.
Ijyb is lightly wounded.
Ijyb hits you but does no damage.
You hit Ijyb. Your bite misses Ijyb.
Ijyb is lightly wounded.
Ijyb hits you but does no damage.
You closely miss Ijyb.
Ijyb is lightly wounded.
Ijyb completely misses you.
You hit Ijyb.
Ijyb is moderately wounded.
Ijyb hits you with a +3 spectral club.
You closely miss Ijyb. Your bite misses Ijyb.
Ijyb is moderately wounded.
Ijyb barely misses you.
You hit Ijyb but do no damage. You bite Ijyb, but do no damage.
Ijyb is moderately wounded.
Ijyb barely misses you.
You closely miss Ijyb. You bite Ijyb, but do no damage.
Ijyb is moderately wounded.
Ijyb hits you with a +3 spectral club!
You are too injured to fight recklessly!
You are too injured to fight recklessly!
You hit Ijyb but do no damage. You bite Ijyb, but do no damage.
Ijyb is moderately wounded.
You block Ijyb's attack.
You barely miss Ijyb. Your bite misses Ijyb.
Ijyb is moderately wounded.
Ijyb hits you with a +3 spectral club.
You barely miss Ijyb. Your bite misses Ijyb.
Ijyb is moderately wounded.
Ijyb hits you with a +3 spectral club.
* * * LOW HITPOINT WARNING * * *
You hit Ijyb but do no damage. Your bite misses Ijyb.
Ijyb is moderately wounded.
Ijyb hits you with a +3 spectral club!
You die...

.... .. ...##+###.
.. ......... .<...
#......###....# ..
#......#...... .#
.$.#......#.##..##..
...........(#.....(.
......g....)#.#...#
......#@....#.....#
..g.. #...........#
....
#...........#.....
...
#.........#.#.....
..
#.[...#+###+##.... .
#.....#.#.........
#.....#.#.........
###)..#.#......##.
##....#......##.


You could see Ijyb.

Vanquished Creatures
  An adder (D:3)
  A dart slug (D:1)
  5 ball pythons
  3 endoplasms (D:1)
  A giant cockroach (D:1)
  4 goblins
  A hobgoblin (D:1)
  3 jackals (D:1)
  2 quokkas (D:1)
  3 frilled lizards (D:1)
  2 rats (D:1)
26 creatures vanquished.

Notes
Turn   | Place    | Note
-------+----------+-------------------------------------------
     0 | D:1      | emperorscorpion the Vine Stalker Fighter began the quest
                  | for the Orb.
     0 | D:1      | Reached XP level 1. HP: 11/11 MP: 2/2
    49 | D:1      | Reached XP level 2. HP: 16/16 MP: 3/3
   439 | D:1      | Found Cabeloel's Weapon Emporium.
   990 | D:1      | Reached XP level 3. HP: 20/20 MP: 4/4
  1071 | D:2      | Noticed Sigmund
  1305 | D:3      | Found Buoczom's Assorted Antiques.
  1310 | D:3      | Bought a scroll labelled GUFEWU RUAWN for 26 gold pieces
  1524 | D:3      | Noticed Ijyb
  1524 | D:3      | Paralysed by Ijyb for 4 turns
  1542 | D:3      | Slain by Ijyb

Illustrated notes

Levels and vault maps discovered:
D:1:      lemuel_arrival_cross, layout_basic, serial_shops, nicolae_shop_stone,
          minmay_distorted
D:2:      layout_rooms, uniq_sigmund
D:3:      layout_basic, serial_shops, nicolae_shop_waterfront, uniq_ijyb

Skill      XL: |  1  2 |
---------------+-------+-----
Fighting       | 3 |  3.0
Shields        | 3 |  3.0
Armour         | |  2.8
Stealth        | |  0.4
Unarmed Combat | |  2.3

Action                   || total
-------------------------++-------
Melee: Unarmed           ||   101
       Bite              ||    28
  Use: Potion            ||     1
       Scroll            ||     2
 Stab: Invisible         ||     2
Armor: Scale mail        ||    28
Dodge: Dodged            ||    35
Block: Buckler           ||    25

Table legend: (Time is in decaauts)
 A = Elapsed time spent in this place.
 B = Non-inter-level travel time spent in this place.
 C = Inter-level travel time spent in this place.
 D = Time resting spent in this place.
 E = Time spent auto-exploring this place.
 F = Levels seen in this place.
 G = Mean time per level.
                   A        B        C        D        E       F      G
               +--------+--------+--------+--------+--------+-----+--------+
         Total |   1540 |   1419 |    121 |      0 |   1194 |   3 |  513.3 |
       Dungeon |   1540 |   1419 |    121 |      0 |   1194 |   3 |  513.3 |
               +--------+--------+--------+--------+--------+-----+--------+

Top non-repeatable levels by time:
     D:1: 1148 daAuts
     D:3: 376 daAuts
     D:2: 15 daAuts
